 Dungeon Crawl Stone Soup version 0.30-a0-847-g17996783a1 (webtiles) character file.

Game seed: 9141515267992966068

79 octoduck the Cudgeller (level 4, -5/39 HPs)
             Began as an Armataur Monk on Mar 3, 2023.
             Was a Believer of Okawaru.
             Killed from afar by Natasha (8 damage)
             ... with a magic dart
             ... on level 3 of the Dungeon.
             The game lasted 00:05:09 (3126 turns).

octoduck the Cudgeller (Armataur Monk)              Turns: 3126, Time: 00:05:10

Health: -5/39      AC:  4    Str: 18    XL:     4   Next: 16%
Magic:  4/4        EV:  9    Int: 11    God:    Okawaru [**....]
Gold:   121        SH:  3    Dex: 12    Spells: 3/3 levels left

rFire   . . .      SeeInvis .    a - +0 mace
rCold   . . .      Faith    .    g - +0 buckler
rNeg    . . .      Spirit   .    b - +0 robe
rPois   .          Reflect  .    (no helmet)
rElec   .          Roll     +    (no cloak)
rCorr   .                        (no gloves)
Will    .....                    (no barding)
Stlth   ++                       (no amulet)
HPRegen 0.26/turn                (no ring)
MPRegen 0.09/turn                (no ring)

@: slowed, very slow
A: large, rugged brown scales 3, deformed body, armoured tail, roll, long
tongue, awkward tongue
a: Renounce Religion, Heroism


You were on level 3 of the Dungeon.
You worshipped Okawaru.
Okawaru was pleased with you.
You visited 1 branch of the dungeon, and saw 3 of its levels.

You collected 121 gold pieces.

Inventory:

Hand Weapons
 a - a +0 mace (weapon)
Missiles
 f - 5 poisoned darts (quivered)
Armour
 b - a +0 robe (worn)
 g - a +0 buckler (worn)
Potions
 c - a potion of curing {unknown}
 d - a potion of haste {unknown}
 e - 2 potions of lignification
 h - 2 potions of brilliance
 i - a potion of might {unknown}
 j - a potion of degeneration {unknown}
 k - 2 potions of mutation {unknown}
 l - 2 potions of cancellation {unknown}
 m - a potion of berserk rage {unknown}
 n - a potion of heal wounds {unknown}


   Skills:
 - Level 2.6 Fighting
 + Level 4.5 Maces & Flails
 - Level 2.1 Dodging
 - Level 2.1 Stealth
 + Level 0.7 Invocations


You had 3 spell levels left.
You didn't know any spells.
Your spell library contained the following spells:

 Spells                   Type           Power      Damage    Failure   Level
 Inner Flame              Hex/Fire       0%         N/A       80%         3
 Portal Projectile        Hex/Tloc       0%         N/A       80%         3
 Flame Wave               Conj/Fire      0%         2d4       99%         4
 Leda's Liquefaction      Hex/Erth       0%         N/A       99%         4
 Sticky Flame             Conj/Fire      0%         2d3       99%         4
 Call Canine Familiar     Summ           Unusable   N/A       N/A         3

Dungeon Overview and Level Annotations

Branches:
Dungeon (3/15)

Altars:
Okawaru

Annotations:
D:1 1 exclusion
D:3 Natasha


Innate Abilities, Weirdness & Mutations

You are completely covered in rugged brown scales. (AC +3, +7% HP)
Armour fits poorly on your strangely shaped body.
You have a long armoured tail.
You roll when moving toward enemies. (Rampage)
Your long tongue fully drains potion bottles. (2x potion effects)
Your tongue gives you trouble enunciating. (1.5x scroll delay)


Message History

Natasha mumbles some strange words.
You roll towards Natasha!
You closely miss Natasha.
Natasha stares at you and mumbles some strange words.
You feel yourself slow down.
You closely miss Natasha. Natasha claws you. The white imp barely misses you.
Natasha barely misses you. The white imp closely misses you.
You hit Natasha.
Your tail-slap misses Natasha.
Natasha is lightly wounded.
Natasha closely misses you.
The white imp hits you but does no damage.
Natasha claws you but does no damage.
You hit Natasha but do no damage.
Natasha is lightly wounded.
The white imp hits you. The white imp freezes you.
Natasha casts a spell at you. The magic dart hits you!
The white imp gestures at you. The puff of frost hits you.
You sock Natasha!
Natasha is severely wounded.
Natasha closely misses you. The white imp misses you.
Natasha claws you but does no damage. The white imp gestures at you.
The puff of frost hits you but does no damage.
You closely miss Natasha.
Your tail-slap misses Natasha.
Natasha is severely wounded.
Natasha casts a spell at you. The magic dart hits you.
The white imp hits you but does no damage.
Natasha completely misses you. The white imp hits you.
The white imp freezes you.
You hit Natasha.
Your tail-slap misses Natasha.
Natasha is almost dead.
Natasha stares at you and mumbles some strange words.
The magic dart hits you!
* * * LOW HITPOINT WARNING * * *
You block the white imp's attack. Natasha casts a spell at you.
The magic dart hits you!
You die...

### #.# #.# #.#
#######.# ......5h# #@#
######.##########
.................#
#######......#####
#......# #......#
#######......###########
..........#.............
######.#.#)############


You could see Natasha and a white imp (summoned).

Vanquished Creatures
  2 adders (D:2)
  3 worms (D:2)
  4 ball pythons
  6 endoplasms
  3 giant cockroaches (D:1)
  4 goblins
  4 hobgoblins
  4 jackals (D:1)
  6 kobolds
  A quokka (D:1)
  6 bats
  4 frilled lizards
  2 rats (D:1)
49 creatures vanquished.

Notes
Turn   | Place    | Note
-------+----------+-------------------------------------------
     0 | D:1      | octoduck the Armataur Monk began the quest for the Orb.
     0 | D:1      | Reached XP level 1. HP: 19/19 MP: 1/1
   241 | D:1      | Reached skill level 3 in Maces & Flails
   343 | D:1      | Reached XP level 2. HP: 26/26 MP: 2/2
   861 | D:1      | Reached XP level 3. HP: 32/32 MP: 3/3
  1502 | D:2      | Reached skill level 4 in Maces & Flails
  1924 | D:2      | Found an iron altar of Okawaru.
  1938 | D:2      | Became a worshipper of Warmaster Okawaru
  1938 | D:2      | Reached * piety under Okawaru
  1938 | D:2      | Reached ** piety under Okawaru
  2296 | D:2      | Reached XP level 4. HP: 39/39 MP: 4/4
  3118 | D:3      | Noticed Natasha
  3126 | D:3      | Killed from afar by Natasha

Illustrated notes

Levels and vault maps discovered:
D:1:      saegor_arrival_simple_d, layout_basic, minmay_statues_item,
          st_stairs_2
D:2:      layout_basic, basic_altar
D:3:      layout_basic, minmay_pentomino_pile, uniq_jessica, uniq_natasha,
          uniq_crazy_yiuf_cottage

Skill      XL: |  1  2  3 |
---------------+----------+-----
Maces & Flails | 3 4 |  4.5
Fighting       | |  2.6
Dodging        | |  2.1
Stealth        | |  2.1
Invocations    | |  0.7

Action                     |  1- 3 |  4- 6 || total
---------------------------+-------+-------++-------
  Melee: Mace              |   133 |    25 ||   158
         Tailslap          |     7 |     2 ||     9
         Punch             |     2 |       ||     2
    Use: Scroll            |     4 |     1 ||     5
         Potion            |     1 |       ||     1
   Stab: Sleeping          |     7 |     1 ||     8
         Distracted        |     2 |       ||     2
 Armour: Robe              |    45 |     9 ||    54
  Dodge: Dodged            |    94 |    13 ||   107
  Block: Buckler           |     6 |     3 ||     9

Table legend: (Time is in decaauts)
 A = Elapsed time spent in this place.
 B = Non-inter-level travel time spent in this place.
 C = Inter-level travel time spent in this place.
 D = Time resting spent in this place.
 E = Time spent auto-exploring this place.
 F = Levels seen in this place.
 G = Mean time per level.
                   A        B        C        D        E       F      G
               +--------+--------+--------+--------+--------+-----+--------+
         Total |   3167 |   2797 |    370 |    587 |   1720 |   3 | 1055.7 |
       Dungeon |   3167 |   2797 |    370 |    587 |   1720 |   3 | 1055.7 |
               +--------+--------+--------+--------+--------+-----+--------+

Top non-repeatable levels by time:
     D:2: 1631 daAuts
     D:1: 1298 daAuts
     D:3: 237 daAuts
